 Dungeon Crawl Stone Soup version 0.27-a0-1555-g0e7b3fb (webtiles) character file.

Game seed: 13337055077642780344

5342 Meow the Fighter (level 10, 88/88 HPs)
             Began as a Ghoul Ice Elementalist on July 14, 2021.
             Was an Initiate of Gozag.
             Quit the game on level 8 of the Dungeon.
             The game lasted 00:33:36 (11235 turns).

Meow the Fighter (Ghoul Ice Elementalist)          Turns: 11235, Time: 00:33:36

Health: 88/88      AC:  7    Str: 19    XL:     10   Next: 65%
Magic:  17/21      EV: 12    Int: 13    God:    Gozag
Gold:   598        SH:  0    Dex:  9    Spells: 10/25 levels left

rFire    . . .     SeeInvis .   B - +4 long sword (venom)
rCold    + . .     Faith    .   (no shield)
rNeg     + + +     Spirit   .   m - +1 robe {Will+}
rPois    ∞         Reflect  .   k - +2 helmet
rElec    .         Harm     .   (no cloak)
rCorr    +         Rampage  .   N - +0 pair of gloves
Will     +....                  (no boots)
Stlth    ++........             (no amulet)
HPRegen  0.24/turn              g - +6 ring of strength
MPRegen  0.17/turn              F - ring of resist corrosion

@: gold aura
A: claws 1, cold resistance 1, negative energy resistance 3, inhibited
regeneration, torment resistance 2
a: Renounce Religion, Potion Petition, Call Merchant, Bribe Branch


You were on level 8 of the Dungeon.
You worshipped Gozag.
Gozag was pleased with you.
You visited 2 branches of the dungeon, and saw 9 of its levels.

You collected 783 gold pieces.
You paid 185 gold pieces to Gozag.

Inventory:

Hand Weapons
 a - a +4 scimitar of freezing
 l - a +0 scimitar of flaming
 y - a +0 hunting sling
 B - a +4 long sword of venom (weapon)
Missiles
 b - 2 throwing nets
 f - 463 stones (quivered)
 j - 50 sling bullets
 n - 56 bolts
 s - 6 boomerangs
 t - 85 arrows
 C - 24 poisoned darts
 O - 2 datura-tipped darts
Armour
 k - a +2 helmet (worn)
 m - a +1 robe of willpower (worn)
 E - a +2 robe of cold resistance
 J - a +0 buckler
 N - a +0 pair of gloves (worn)
Jewellery
 g - a +6 ring of strength (left hand)
 F - a ring of resist corrosion (right hand)
Wands
 x - a wand of flame (14)
Scrolls
 e - a scroll of enchant armour {unknown}
 h - 2 scrolls of amnesia {unknown}
 o - a scroll of magic mapping
 p - 2 scrolls of noise {unknown}
 q - a scroll of teleportation {unknown}
 u - a scroll of fog {unknown}
 A - a scroll of fear {unknown}
 G - a scroll of identify
 K - a scroll of vulnerability {unknown}
 L - a scroll of summoning {unknown}
Potions
 c - a potion of resistance
 d - 2 potions of curing
 i - a potion of flight
 r - a potion of mutation
 v - a potion of haste
 w - a potion of lignification
 z - a potion of brilliance {unknown}
 D - a potion of berserk rage {unknown}
 I - a potion of cancellation {unknown}
 M - 2 potions of magic {unknown}


   Skills:
 - Level 8.2 Fighting
 - Level 1.7 Dodging
 - Level 2.1 Stealth
 - Level 8.0 Spellcasting
 + Level 6.5 Conjurations
 - Level 8.0 Ice Magic


You had 10 spell levels left.
You knew the following spells:

 Your Spells              Type           Power      Damage    Failure   Level
a - Freeze                Ice            100%       1d11      1%          1
e - Ozocubu's Armour      Ice            26%        N/A       1%          3
f - Frozen Ramparts       Ice            52%        1d7       1%          3
t - Sticky Flame          Conj/Fire      13%        2d4       34%         4
B - Hailstorm             Conj/Ice       24%        3d7       7%          4

Your spell library contained the following spells:

 Spells                   Type           Power      Damage    Failure   Level
 Static Discharge         Conj/Air       13%        N/A       5%          2
 Passwall                 Tmut/Erth      4%         N/A       21%         2
 Call Canine Familiar     Summ           5%         N/A       38%         3
 Portal Projectile        Hex/Tloc       10%        N/A       38%         3
 Swiftness                Air            5%         N/A       38%         3
 Metabolic Englaciation   Hex/Ice        7%         N/A       58%         5
 Dispel Undead            Necr           5%         3d7       80%         4
 Leda's Liquefaction      Hex/Erth       2%         N/A       80%         4
 Simulacrum               Ice/Necr       7%         N/A       99%         6
 Invisibility             Hex            2%         N/A       100%        6


Dungeon Overview and Level Annotations

Branches:
Dungeon (8/15)             Temple (1/1) D:6
   Lair: D:8-11

Altars:
Ashenzari
Cheibriados
Dithmenos
Elyvilon
Gozag
Hepliaklqana
Makhleb
Nemelex Xobeh
Okawaru
Qazlal
Ru
Sif Muna
Uskayaw
Vehumet
Wu Jian
Xom
The Shining One
Beogh

Annotations:
D:8 1 runed translucent door, NobodyHome's ghost, novice GnTm


Innate Abilities, Weirdness & Mutations

You thrive by killing the living.
You are immune to poison.
You have sharp fingernails.
Your flesh is cold resistant. (rC+)
You are immune to negative energy. (rN+++)
You do not regenerate when monsters are visible.
You are immune to unholy pain and torment.


Message History

Casting: Freeze (safe; 1% risk of failure)
Confirm with . or Enter, or press ? or * to list all spells.
Casting: Frozen Ramparts (safe; 1% risk of failure)
Press: ? - help, Dir - look around, f - activate A stone staircase leading up.
The walls around you are covered in ice.
Unknown command.
Casting: Frozen Ramparts (safe; 1% risk of failure)
Confirm with . or Enter, or press ? or * to list all spells.
A film of ice covers your body!
The wight completely resists.
The wall freezes the wight but does no damage.
The wight resists.
The wall freezes the wight.
You closely miss the wight.
The wight is lightly damaged.
The wight resists.
The wall freezes the wight.
The wight barely misses you.
You hit the wight.
The wight is moderately damaged.
The wight resists.
The wall freezes the wight.
The wight completely misses you.
You barely miss the wight.
The wight is heavily damaged.
The wight completely resists.
The wall freezes the wight but does no damage.
The wight barely misses you.
You riposte.
You slash the wight!
You destroy the wight!
Your icy armour cracks and falls away as you move.
The frozen ramparts melt away as you move.
You now have 598 gold pieces (gained 9).
There is a stone staircase leading down here.
Things that are here:
a +0 morningstar; a +0 robe This spell is dangerous to cast!
Memorise Sticky Flame, consuming 4 spell levels and leaving 10?
You start memorising the spell.
You continue memorising. x4
You finish memorising.
Spell assigned to 'b'.
Adjust (i)tems, (s)pells, or (a)bilities?
Adjust which spell? b - Sticky Flame Adjust to which letter? t - Sticky Flame Are you sure you want to abandon this character and quit the game? (Confirm with "yes".)

#.# ... #.# #.# ##
#.# ... ..# #.# #.#
#.# #.# #.# #.# #.#
#.# #.####### #.#
#.# #.#.....# #.#
#######.###...###.[
#.#
#<@..........##⌠##.
#.#
#.#######...##...##
#.# #.# #..##..!..#
########.# #.#
##.+W..♣!.⌠
#........# #.#
#.##..!..#
#.######## #.#
####..##...## #.#
#.# #......##⌠##.
#)# #.#
#.###...###.. #.#
#.#####.# #.......#


There were no monsters in sight!

Vanquished Creatures
  Harold (D:8)
  Erica (D:8)
  A troll (D:7)
  Sigmund (D:3)
  A wyvern (D:8)
  3 steam dragons
  2 acid dragons (D:8)
  An orc warrior (D:6)
  2 black bears
  A sky beast (D:7)
  A centaur (D:8)
  2 ogres
  3 phantoms
  A wyvern zombie (D:6)
  2 bullfrogs
  A gnoll sergeant (D:7)
  A scorpion (D:5)
  6 killer bees (D:7)
  11 wights
  2 howler monkeys
  A centaur zombie (D:7)
  2 hounds
  2 bullfrog skeletons
  8 orc priests
  A gnoll shaman (D:4)
  An iguana (D:7)
  5 orc wizards
  4 adders
  21 gnolls
  A shadow imp (D:5)
  A worm (D:2)
  14 orcs
  8 ball pythons
  11 endoplasms
  2 giant cockroaches
  6 goblins
  8 hobgoblins
  11 jackals
  42 kobolds
  3 quokkas
  9 bats
  2 frilled lizards (D:1)
  7 rats
214 creatures vanquished.

Vanquished Creatures (others)
  7 fungi
  24 plants (D:8)
  5 toadstools (D:1)
36 creatures vanquished.

Grand Total: 250 creatures vanquished

Notes
Turn   | Place    | Note
-------+----------+-------------------------------------------
     0 | D:1      | Meow the Ghoul Ice Elementalist began the quest for the
                  | Orb.
     0 | D:1      | Reached XP level 1. HP: 14/14 MP: 2/2
    21 | D:1      | Noticed a hound
    21 | D:1      | Noticed a polar bear
    22 | D:1      | Noticed a salamander
    22 | D:1      | Noticed a snapping turtle
   202 | D:1      | Reached XP level 2. HP: 20/20 MP: 0/4
   621 | D:1      | Reached XP level 3. HP: 26/26 MP: 2/5
   679 | D:1      | Reached skill level 5 in Ice Magic
  1094 | D:1      | Learned a level 3 spell: Frozen Ramparts
  1384 | D:1      | Learned a level 3 spell: Ozocubu's Armour
  1649 | D:2      | Reached XP level 4. HP: 33/33 MP: 3/7
  2731 | D:3      | Noticed Sigmund
  2830 | D:3      | Reached XP level 5. HP: 38/38 MP: 2/9
  3011 | D:3      | Found a shadowy altar of Dithmenos.
  3071 | D:3      | Found a hide-covered altar of Uskayaw.
  3071 | D:3      | Found a stormy altar of Qazlal.
  3592 | D:4      | Learned a level 4 spell: Hailstorm
  3713 | D:4      | Reached XP level 6. HP: 45/45 MP: 5/10
  4178 | D:5      | Entered Level 5 of the Dungeon
  4178 | D:5      | Found an iron altar of Okawaru.
  4492 | D:6      | Noticed a black bear
  4498 | D:6      | Killed a black bear
  4499 | D:6      | Reached XP level 7. HP: 46/50 MP: 2/12
  4589 | D:6      | Noticed a torpor snail
  4590 | D:6      | Found a snail-covered altar of Cheibriados.
  4591 | D:6      | Noticed a torpor snail
  4594 | D:6      | Noticed a torpor snail
  5232 | D:5      | Reached skill level 5 in Spellcasting
  5770 | D:5      | Reached skill level 1 in Fighting
  5770 | D:5      | Reached XP level 8. HP: 59/59 MP: 8/15
  5953 | D:5      | Found a burning altar of Makhleb.
  7192 | D:3      | Killed Sigmund
  7649 | D:6      | Reached skill level 5 in Fighting
  7724 | D:6      | Found a staircase to the Ecumenical Temple.
  7835 | D:6      | Reached XP level 9. HP: 48/78 MP: 5/17
  8057 | D:6      | Found a sparkling altar of Nemelex Xobeh.
  9360 | D:7      | Reached skill level 1 in Conjurations
  9363 | D:7      | Noticed a troll
  9501 | D:7      | Killed a troll
  9721 | Temple   | Entered the Ecumenical Temple
  9853 | Temple   | Became a worshipper of Gozag Ym Sagoz the Greedy
 10257 | D:8      | Found a runed translucent door.
 10257 | D:8      | Noticed NobodyHome's ghost (novice GnTm)
 10283 | D:8      | Noticed Erica
 10292 | D:8      | Killed Erica
 10293 | D:8      | Reached XP level 10. HP: 88/88 MP: 8/20
 10410 | D:8      | Found a shimmering blue altar of Sif Muna.
 10449 | D:8      | Noticed Harold
 10465 | D:8      | Killed Harold
 10466 | D:8      | Reached skill level 5 in Conjurations
 11019 | D:8      | Noticed a gargoyle
 11235 | D:8      | Learned a level 4 spell: Sticky Flame
 11235 | D:8      | Quit the game

Illustrated notes

Levels and vault maps discovered:
D:1:      onia_arrival_zoo_common, layout_basic, minmay_gold_behind_fungi
D:2:      layout_loops_ring, hangedman_decor_growths
D:3:      layout_basic, mainiacjoe_overflow_small_starburst,
          gammafunk_temple_overflow_elements, serial_corexii_hall,
          corexii_hall_statues_u, corexii_hall_statues_i,
          chequers_hall_statues_corner_a, corexii_hall_statues_x,
          corexii_hall_statues_i, corexii_hall_statues_l,
          minmay_misc_feat_cross, uniq_sigmund
D:4:      layout_basic, hex_medium
D:5:      minmay_goblin_kobold_castle, layout_gridville,
          okawaru_ov_weapons_minmay, overflow_temple_1_default
D:6:      layout_layer_cave, cheibriados_altar_2,
          nicolae_overflow_hidden_temple, minmay_temple_entry_from_below_a
D:7:      layout_basic, david_defended_altar_orc
D:8:      layout_loops_ring, overflow_temple_1_default, bloody_trog,
          minmay_lair_entry_grove, hellmonk_ghost_happy_afterlife,
          minmay_manual_mares, uniq_pikel, uniq_erica, uniq_maurice, uniq_harold
Temple:   nicolae_temple_figure_zero

Skill      XL: |  1  2  3  4  5  6  7  8  9 10 |
---------------+-------------------------------+-----
Spellcasting   | 2 3 4 5 6 7 8 |  8.0
Ice Magic      | 5 6 7 8 |  8.0
Fighting       | 1 6 8 |  8.2
Conjurations   | 4 6 |  6.5
Dodging        | |  1.7
Stealth        | |  2.1

Action                   |  1- 3 |  4- 6 |  7- 9 | 10-12 || total
-------------------------+-------+-------+-------+-------++-------
Melee: Unarmed           |    44 |    14 |    23 |       ||    81
       Long sword        |       |       |   133 |    25 ||   158
       Hunting sling     |       |       |     1 |       ||     1
 Fire: Hunting sling     |       |    26 |    12 |       ||    38
Throw: Stone             |       |       |    10 |       ||    10
 Cast: Freeze            |    55 |    34 |    29 |    14 ||   132
       Frozen Ramparts   |     2 |    24 |    53 |     9 ||    88
       Ozocubu's Armour  |       |     1 |    32 |     4 ||    37
       Hailstorm         |       |       |     1 |     2 ||     3
Evoke: Wand              |       |       |     3 |       ||     3
  Use: Potion            |       |     3 |     2 |     1 ||     6
       Scroll            |       |     1 |     3 |       ||     4
 Stab: Sleeping          |       |     1 |     2 |       ||     3
Armor: Robe              |    12 |    17 |    87 |    19 ||   135
Dodge: Dodged            |    61 |    42 |   166 |    19 ||   288
       Rpst.: Long sword |       |       |    51 |     4 ||    55

Table legend: (Time is in decaauts)
 A = Elapsed time spent in this place.
 B = Non-inter-level travel time spent in this place.
 C = Inter-level travel time spent in this place.
 D = Time resting spent in this place.
 E = Time spent auto-exploring this place.
 F = Levels seen in this place.
 G = Mean time per level.
                   A        B        C        D        E       F      G
               +--------+--------+--------+--------+--------+-----+--------+
         Total |  11311 |  10746 |    565 |   3641 |   4625 |   9 | 1256.8 |
       Dungeon |  11169 |  10630 |    539 |   3641 |   4512 |   8 | 1396.1 |
        Temple |    141 |    115 |     26 |      0 |    113 |   1 |  141.0 |
               +--------+--------+--------+--------+--------+-----+--------+

Top non-repeatable levels by time:
     D:6: 2351 daAuts
     D:1: 1822 daAuts
     D:5: 1563 daAuts
     D:4: 1315 daAuts
     D:7: 1266 daAuts
     D:3: 1253 daAuts
     D:2: 936 daAuts
     D:8: 660 daAuts
  Temple: 141 daAuts
